 Dungeon Crawl Stone Soup version 0.14-a0-1974-gdb6e453 (webtiles) character file.

71 4tharraofdagon the Vexing (level 2, -3/13 HPs)
             Began as a Spriggan Enchanter on Jan 18, 2014.
             Slain by a centaur (6 damage)
             ... while paralysed by a potion of paralysis
             ... on Level 6 of the Dungeon.
             The game lasted 00:02:47 (449 turns).

4tharraofdagon the Vexing (Spriggan Enchanter)       Turns: 449, Time: 00:02:47

HP  -3/13        AC  3     Str  4      XL: 2   Next: 51%
MP   5/7         EV  4     Int 16      God:
Gold 53          SH  0     Dex 16      Spells:  2 memorised,  3 levels left

rFire  . . .     SeeInvis +     q - +1,+2 dagger
rCold  . . .     Clarity  .     b - +1 robe
rNeg   . . .     Conserve .     (shield restricted)
rPois  .         rCorr    .     (helmet restricted)
rElec  .         rRot     .     (no cloak)
SustAb . .       Spirit   .     (gloves unavailable)
rMut   .         Warding  .     (boots unavailable)
Saprov . . .     Stasis   .     (no amulet)
MR     .....                    (no ring)
                                (no ring)

@: paralysed, very slightly contaminated, very quick, not resistant to hostile
enchantments, stealthy
A: unfitting armour, see invisible, herbivore 3, speed 3, slow metabolism 2
a: no special abilities


You were on level 6 of the Dungeon.
You were very full.

You visited 1 branch of the dungeon, and saw 6 of its levels.

You collected 53 gold pieces.

Inventory:

Hand weapons
 a - a +1,+1 dagger
 q - a +1,+2 dagger (weapon)
Missiles
 d - 12 darts (quivered)
Armour
 b - a +1 robe (worn)
Comestibles
 f - 3 bread rations
Scrolls
 h - a scroll of curse armour {unknown}
 j - a scroll of identify {unknown}
 l - a scroll of immolation {unknown}
 m - a scroll of random uselessness {unknown}
 n - a scroll of magic mapping {unknown}
 p - 2 scrolls of fear {unknown}
Jewellery
 k - an uncursed amulet of inaccuracy {unknown}
Potions
 e - 2 potions of porridge
 i - a potion of might {unknown}
 o - a potion of mutation {unknown}
Books
 c - a book of Maledictions

   Spells                             Type                      Level
   *Corona                            Hexes                        1
   Sure Blade                         Hexes/Charms                 2
   *Ensorcelled Hibernation           Hexes/Ice                    2
   Confuse                            Hexes                        3
   Enslavement                        Hexes                        4
   Invisibility                       Hexes                        6


   Skills:
 * Level 1.8 Short Blades
 - Level 1.1 Throwing
 + Level 3.4 Dodging
 + Level 3.6 Stealth
 + Level 2.8 Spellcasting
 + Level 3.7 Hexes


You had 3 spell levels left.
You knew the following spells:

 Your Spells              Type           Power        Failure   Level  Hunger
a - Corona                Hex            ##.....      6%          1    #......
b - Ensorcelled Hibernat  Hex/Ice        #.....       14%         2    ##.....


Dungeon Overview and Level Annotations

Branches:
Dungeon (6/16)
 Temple: D:4-7

Altars:
Makhleb

Annotations:
D:3 Grinder


Innate Abilities, Weirdness & Mutations

You are tiny and cannot use many weapons and most armour.
You have supernaturally acute eyesight.
You are a herbivore.
You cover ground extremely quickly.
You need consume almost no food.


Message History

You puncture the centaur!
The centaur is almost dead.
The centaur hits you.
Casting: Corona
Confirm with . or Enter, or press ? or * to list all spells.
Aiming: Ensorcelled Hibernation
Press: ? - help, Shift-Dir - straight line, f - centaur
Aim: a centaur (almost dead)
You miscast Ensorcelled Hibernation.
You are very lightly contaminated with residual magic.
A chill runs through your body. The centaur misses you.
The centaur completely misses you.
Drink which item? (? for menu, Esc to quit)
Okay, then.
Drink which item? (? for menu, Esc to quit)
You suddenly lose the ability to move!
It was a potion of paralysis.
The centaur hits you.
* * * LOW HITPOINT WARNING * * *
The centaur barely misses you. The centaur hits you.
You die...

##### #...#
#c..# #.@.#
#...# #
#...###..##
#...........
#..<###..##
###.# # #.#
#.# #..


You could see a centaur.

Vanquished Creatures
  An adder (D:2)
  A ball python (D:2)
  2 bats (D:3)
  2 hobgoblins
  A kobold (D:3)
  A goblin (D:1)
  A rat (D:1)
9 creatures vanquished.

Notes
Turn   | Place    | Note
--------------------------------------------------------------
     0 | D:1      | 4tharraofdagon, the Spriggan Enchanter, began the quest for the Orb.
     0 | D:1      | Reached XP level 1. HP: 9/9 MP: 4/4
   249 | D:2      | Reached XP level 2. HP: 10/13 MP: 3/7
   272 | D:2      | Learned a level 2 spell: Ensorcelled Hibernation
   304 | D:3      | Noticed Grinder
   371 | D:4      | Found a burning altar of Makhleb.
   379 | D:5      | Entered Level 5 of the Dungeon
   441 | D:6      | Noticed a centaur
   448 | D:6      | Paralysed by a potion of paralysis for 6 turns
   449 | D:6      | Slain by a centaur

Action                   || total
-------------------------++-------
Melee: Dagger            ||    40
 Cast: Corona            ||     5
  Use: Potion            ||     1
 Stab: Sleeping          ||     3
